Map: 乌雷纳

Players

iGJim

  • Race: Protoss Protoss
  • League: Master

iGXY

  • Race: Protoss Protoss
  • League: Master

三族统领随机娜 (XY)

  • Race: Terran Terran
  • League: Master

iGRushcrazy

  • Race: Terran Terran
  • League: Master

Event: GPL 2015 - Grand Finals

VOD

Have the link to the VOD?

Description

Time

  • Played on: Jan. 22, 2016, 4:49 a.m.
  • Length: 6:41

All games in this series

Show
View Real Time Build Order
Export as new Build Order

iGJim Protoss 

Build Orders: 1 Gate Expand, Phoenix Opening 

Get SALT Encoding   

  12  0:00  Probe (Chrono Boost)  
  13  0:11  Probe (Chrono Boost)  
  14  0:18  Pylon  
  14  0:22  Probe (Chrono Boost)  
  15  0:36  Gateway, Probe (Chrono Boost)  
  16  0:47  Probe (Chrono Boost)  
  16  0:48  Assimilator  
  17  0:57  Probe (Chrono Boost)  
  18  1:08  Probe (Chrono Boost)  
  20  1:18  Probe (Chrono Boost)  
  20  1:24  Nexus  
  20  1:33  Cybernetics Core  
  20  1:36  Probe (Chrono Boost)  
  21  1:42  Assimilator  
  21  1:46  Probe (Chrono Boost)  
  22  1:53  Pylon  
  22  1:57  Probe (Chrono Boost)  
  23  2:09  Assimilator  
  23  2:11  Probe (Chrono Boost)  
  24  2:16  Stargate  
  24  2:21  Probe (Chrono Boost)  
  25  2:23  Adept  
  27  2:32  Probe (Chrono Boost)  
  29  2:37  Probe (Chrono Boost)  
  29  2:43  Probe (Chrono Boost)  
  30  2:48  Probe (Chrono Boost)  
  31  2:56  Pylon, Adept  
  31  2:57  Phoenix (Chrono Boost)  
  35  3:04  Mothership Core (Chrono Boost)  
  37  3:08  Probe (Chrono Boost)  
  38  3:18  Phoenix  
  39  3:21  Probe (Chrono Boost)  
  39  3:22  Pylon  
  39  3:25  Probe (Chrono Boost)  
  42  3:33  Probe (Chrono Boost)  
  43  3:39  Phoenix  
  43  3:43  Pylon  
  43  4:01  Phoenix  
  40  4:04  Probe (Chrono Boost)  
  40  4:09  Probe (Chrono Boost)  
  42  4:15  Probe (Chrono Boost)  
  42  4:16  Fleet Beacon  
  43  4:23  Phoenix  
  43  4:26  Probe (Chrono Boost)  
  43  4:29  Probe (Chrono Boost)  
  47  4:36  Probe (Chrono Boost)  
  48  4:39  Assimilator  
  48  4:41  Probe (Chrono Boost)  
  49  4:47  Probe (Chrono Boost)  
  51  4:53  Tempest  
  51  4:54  Probe (Chrono Boost)  
  51  4:57  Probe (Chrono Boost)  
  56  5:01  Pylon  
  56  5:06  Probe (Chrono Boost)  
  57  5:10  Stargate  
  57  5:12  Probe (Chrono Boost)  
  58  5:18  Pylon  
  58  5:21  Pylon  
  58  5:33  Tempest (Chrono Boost)  
  62  5:44  Pylon  
  62  5:54  Tempest (Chrono Boost)  
  64  6:08  Pylon  
  68  6:19  Pylon  
Show
View Real Time Build Order
Export as new Build Order

iGXY Protoss 

Build Orders:  

Get SALT Encoding   

  12  0:00  SCV  
  13  0:13  SCV  
  14  0:17  Supply Depot  
  14  0:25  SCV  
  15  0:39  SCV  
  15  0:40  Barracks  
  16  0:47  Refinery  
  16  0:51  SCV  
  16  0:54  Refinery  
  17  1:03  SCV  
  18  1:15  SCV  
  19  1:26  Marine  
  19  1:28  Orbital Command  
  20  1:34  Factory  
  20  1:45  Barracks Reactor  
  20  1:47  Supply Depot  
  20  1:53  SCV  
  21  2:05  SCV  
  22  2:17  Starport, SCV  
  22  2:18  Factory Tech Lab  
  22  2:22  Marine x2  
  25  2:29  SCV, Supply Depot  
  26  2:38  Cyclone  
  26  2:44  Marine x2  
  30  2:48  Liberator  
  31  2:59  Supply Depot  
  31  3:01  Marine  
  31  3:02  Marine  
  36  3:19  Marine x2  
  37  3:23  Supply Depot  
  38  3:29  Cyclone  
  41  3:41  Marine x2, SCV  
  42  4:01  SCV  
  29  4:10  Marine x2  
  29  4:11  Siege Tank  
  29  4:13  SCV  
  29  4:14  Liberator  
  30  4:25  SCV  
  30  4:28  Marine x2  
  36  4:46  Marine x2  
  36  4:47  SCV  
  39  4:53  Siege Tank  
  42  5:03  Marine x2, SCV  
  43  5:17  SCV  
  44  5:21  Marine x2  
  46  5:33  SCV  
  47  5:39  Marine x2  
  52  5:47  Supply Depot  
  52  5:55  Cyclone  
  50  5:57  Marine x2  
  51  6:08  Starport Reactor  
  49  6:15  Marine x2  
  50  6:18  SCV  
Show
View Real Time Build Order
Export as new Build Order

三族统领随机娜 Terran 

Build Orders:  

Get SALT Encoding   

Show
View Real Time Build Order
Export as new Build Order

iGRushcrazy Terran 

Build Orders:  

Get SALT Encoding   

Tags
 
Add a new tag
Caveats
  • Supply blocks, unpowered buildings, or Contaminate may cause inaccurate times.
  • Supply counts are checked every 10 seconds.